 Dungeon Crawl Stone Soup version 0.19-a0-1815-g4007336 (webtiles) character file.

95601 Leszczynek the Shatterer (level 16, -5/156 HPs)
             Began as an Ogre Necromancer on Sept 22, 2016.
             Was the Champion of Hepliaklqana.
             Slain by a jumping spider (15 damage)
             ... on level 2 of the Spider Nest on Oct 5, 2016.
             The game lasted 01:30:38 (37793 turns).

Leszczynek the Shatterer (Ogre Necromancer)        Turns: 37793, Time: 01:30:39

Health: -5/156     AC:  8    Str: 18 (19) XL:     16   Next: 14%
Magic:  0/21       EV: 14    Int: 12 (14) God:    Hepliaklqana [******]
Gold:   1641       SH:  0    Dex: 12 (13) Spells: 6 memorised, 2 levels left

rFire  . . .     SeeInvis .     a - +4 giant spiked club (elec)
rCold  . . .     Gourm    .     j - +0 troll leather armour
rNeg   . . .     Faith    .     (shield currently unavailable)
rPois  +         Spirit   .     (helmet restricted)
rElec  .         Dismiss  .     y - +2 cloak
rCorr  .         Reflect  .     (gloves unavailable)
MR     +....     Harm     .     (boots unavailable)
Stlth  +.........               (no amulet)
                                g - ring of poison resistance
                                T - +5 ring of slaying

@: very slightly contaminated
A: unfitting armour, reduced essence, tough skin 1
a: Recall Ancestor, Ancestor Identity, Transference, Idealise, Renounce Religion


You were on level 2 of the Spider Nest.
You worshipped Hepliaklqana.
Hepliaklqana was exalted by your worship.
You were hungry.

You visited 4 branches of the dungeon, and saw 25 of its levels.
You visited the Abyss 1 time.
You also visited: Bailey, Ice Cave and Volcano.

You collected 2044 gold pieces.
You spent 403 gold pieces at shops.

Inventory:

Hand Weapons
 a - a +4 giant spiked club of electrocution (weapon)
 b - a +0 blowgun
Missiles
 f - 20 curare-tipped needles
 o - 3 needles of confusion
 C - 31 tomahawks (quivered)
 F - 9 throwing nets
 N - 4 javelins of returning
 Z - 8 large rocks
Armour
 j - a +0 troll leather armour (worn)
 y - a +2 cloak (worn)
Jewellery
 g - a ring of poison resistance (right hand)
 q - an uncursed ring of positive energy
 I - an uncursed ring of protection from magic
 O - an uncursed ring of protection from cold
 T - a +5 ring of slaying (left hand)
 U - an uncursed ring of see invisible
 Y - an uncursed ring of protection from fire
Wands
 c - a wand of digging (6/24)
 h - a wand of paralysis (14/24)
 u - a wand of paralysis (4/24)
 w - a wand of teleportation (3/9)
 B - a wand of confusion (14/48)
 E - a wand of hasting (4/9)
 J - a wand of lightning (5/15)
 L - a wand of flame (34/48)
 Q - a wand of polymorph (13/24)
 R - a wand of paralysis (7/24)
 S - a wand of digging (9/24)
Scrolls
 l - 4 scrolls of blinking
 p - 9 scrolls of remove curse
 r - 2 scrolls of enchant armour
 v - 6 scrolls of teleportation
 x - 4 scrolls of fear
 H - a scroll of magic mapping
 M - 2 scrolls of fog
 X - a scroll of recharging
Potions
 e - a potion of cure mutation
 n - 4 potions of lignification
 s - 2 potions of haste
 t - a potion of agility
 D - a potion of cancellation
 G - 3 potions of might
 K - a potion of ambrosia {unknown}
 P - 5 potions of curing
 V - a potion of flight
Miscellaneous
 m - a lamp of fire
 A - a phial of floods
Comestibles
 d - 11 bread rations
 i - 11 meat rations
 z - 6 royal jellies


   Skills:
 + Level 14.6 Fighting
 * Level 21.4 Maces & Flails
 + Level 12.1 Throwing
 - Level 10.0 Dodging
 - Level 1.4 Stealth
 - Level 2.4 Spellcasting
 - Level 2.9 Necromancy
 - Level 7.1 Invocations
 - Level 5.5 Evocations


You had 2 spell levels left.
You knew the following spells:

 Your Spells              Type           Power        Failure   Level  Hunger
a - Apportation           Tloc           #.........   34%         1    ##.....
b - Blink                 Tloc           N/A          50%         2    ###....
c - Portal Projectile     Tloc           #.....       87%         3    ####...
d - Passage of Golubria   Tloc           N/A          100%        4    #####..
e - Haste                 Chrm           #.......     100%        6    #######
r - Animate Skeleton      Necr           N/A          12%         1    ##.....


Dungeon Overview and Level Annotations

Branches:
Dungeon (15/15)            Temple (0/1) D:5            Lair (6/6) D:10
  Swamp (0/4) Lair:2       Spider (2/4) Lair:3        Slime (0/5) Lair:5
    Orc (2/2) D:10            Elf (0/3) Orc:2
 Vaults: D:13-14     Depths: D:15

Altars:
Ashenzari
Hepliaklqana
Okawaru
Ru
Sif Muna
Beogh

Shops:
D:6 =   D:10 (   D:14 %   D:15 !

Annotations:
D:2 2 exclusions
D:4 4 exclusions, Natasha
D:5 Grinder
D:14 vaults, 8 exclusions
D:15 Louise
Lair:2 Gastronok
Lair:6 vault not done, 1 exclusion
Orc:2 Saint Roka


Innate Abilities, Weirdness & Mutations

You are too large for most types of armour.
You have tough skin. (AC +1)
Your life essence is reduced. (-10% HP)


Message History

You feel much better.
You are feeling hungry.
The jumping spider pounces on you!
* * * LOW HITPOINT WARNING * * *
You are caught in a web!
The jumping spider bites you but does no damage.
Unknown command.
You can't do that while caught in a web.
The jumping spider closely misses you. The jumping spider bites you!
* * * LOW HITPOINT WARNING * * *
You feel you are being watched by something.
The jumping spider pounces on you.
* * * LOW HITPOINT WARNING * * *
You are caught in a web!
The jumping spider bites you but does no damage.
Unknown command.
Unknown command.
The orb spider pulsates with a strange energy.
The jumping spider pounces on you!
You die...

#### ##..#
######...#
##..#.....#
###...#.....#
#...s@..#...#
#...........#
..............#
.#.....#.{....#
..##..........#
. .......#....#
..##...##s^..#
.. #...#.....#
...#.......#


You could see an orb spider and a jumping spider.

Vanquished Creatures
  Rupert (Lair:5)
  Snorg (Orc:1)
  2 blizzard demons (IceCv)
  A yaktaur captain (D:15)
  Erolcha (Orc:2)
  2 hydras
  The ghost of Iwannabefree the Carver, a journeyman HESk of Okawaru (D:9)
  6 centaur warriors
  A catoblepas (D:14)
  A tengu warrior (D:15)
  A death knight (D:14)
  5 death yaks (Lair:6)
  An orc high priest (Orc:1)
  Sonja (D:13)
  2 unseen horrors
  A wizard (D:15)
  An orb spider (Spider:1)
  An orc knight (Orc:2)
  6 wolf spiders (Spider:1)
  An orc sorcerer (Orc:1)
  3 hill giants
  16 ugly things
  A cyclops (D:14)
  2 manticores (D:14)
  5 elephants
  4 black mambas
  Maurice (D:11)
  A centaur zombie (D:11)
  3 ice statues
  A gargoyle (D:13)
  9 spiny frogs
  A smoke demon (Abyss:2)
  4 freezing wraiths (IceCv)
  A yaktaur (D:15)
  A kobold demonologist (D:11)
  8 komodo dragons
  An anaconda simulacrum (IceCv)
  2 tengu conjurers (D:13)
  5 ice devils (IceCv)
  4 meliai
  3 jumping spiders (Spider:1)
  An ancient zyme (Abyss:2)
  2 queen bees
  5 trolls
  A harpy skeleton (D:15)
  4 slime creatures (D:14)
  17 blink frogs
  12 hippogriffs
  A redback (Spider:1)
  A shadow (D:10)
  7 tarantellas
  A wraith (D:14)
  A basilisk (shapeshifter) (D:15)
  2 wyverns
  44 yaks
  3 dire elephant simulacra (IceCv)
  A fire bat (Volcano)
  A steam dragon (D:10)
  A golden eye (shapeshifter) (D:14)
  3 hungry ghosts
  5 basilisks
  A mottled dragon (D:14)
  4 vampire mosquitoes (D:14)
  Edmund (D:6)
  3 wargs
  3 harpy simulacra (IceCv)
  2 soldier ants
  11 water moccasins
  4 hydra simulacra (IceCv)
  3 iron troll simulacra (IceCv)
  2 porcupines
  12 orc warriors
  2 ice beasts
  A black bear (D:11)
  A necrophage (D:8)
  A removed MONS_WASP (D:13)
  3 phantoms
  3 sky beasts (D:9)
  10 ogres
  15 centaurs
  4 wolves
  11 crocodiles
  12 bullfrogs
  2 big kobolds
  6 gnoll sergeants (Bailey)
  A wyvern zombie (D:8)
  2 small abominations (Abyss:2)
  36 killer bees
  A wyvern skeleton (D:13)
  A scorpion (D:10)
  An elephant simulacrum (IceCv)
  A wight (D:9)
  2 howler monkeys (D:8)
  A removed MONS_WASP zombie (D:12)
  9 crimson imps
  A draconian simulacrum (IceCv)
  2 lava snakes (Volcano)
  A bullfrog zombie (D:13)
  5 hounds
  13 jellies
  2 centaur skeletons
  6 gnoll shamans (Bailey)
  13 orc priests
  6 iguanas
  19 orc wizards
  A spriggan simulacrum (IceCv)
  3 troll simulacra (IceCv)
  7 worker ants
  A polar bear simulacrum (IceCv)
  A centaur simulacrum (IceCv)
  A howler monkey zombie (D:11)
  20 gnolls
  An ogre simulacrum (IceCv)
  14 adders
  2 naga simulacra (IceCv)
  58 river rats
  A shadow imp (D:14)
  8 white imps (IceCv)
  7 ufetubi (IceCv)
  5 oozes
  2 adder zombies
  2 worms (D:4)
  A dart slug (D:3)
  5 leopard geckos
  55 orcs
  3 giant cockroaches
  4 goblins
  7 hobgoblins
  5 jackals
  7 quokkas
  A ball python (D:3)
  5 bats
  6 frilled lizards
  11 kobolds
  A quokka skeleton (D:8)
  A quokka zombie (D:9)
  6 rats
  A fungus (Lair:6)
719 creatures vanquished.

Vanquished Creatures (collateral kills)
  An emperor scorpion (Spider:1)
  A hydra (Lair:4)
  A centaur warrior (D:13)
  A hill giant (D:15)
  2 wolf spiders (Spider:1)
  A cyclops (D:14)
  3 ugly things
  An apocalypse crab (Abyss:2)
  A moth of wrath (Spider:1)
  An elephant (Lair:4)
  A gargoyle (D:11)
  2 centaur skeletons
  2 spiny frogs
  An ice devil (IceCv)
  2 anaconda simulacra (IceCv)
  A troll (D:10)
  A meliai (D:14)
  2 slime creatures (D:14)
  A hippogriff (Lair:1)
  A blink frog (Lair:2)
  2 tarantellas (Spider:1)
  5 yaks
  2 dire elephant simulacra (IceCv)
  A steam dragon (D:11)
  A mottled dragon (D:15)
  2 water moccasins
  A soldier ant (D:10)
  A hydra simulacrum (IceCv)
  A black bear (D:8)
  3 ogres
  6 orc warriors
  An eye of draining (D:14)
  2 removed MONS_WASPs
  4 centaurs
  3 crocodiles
  3 bullfrogs
  2 gnoll sergeants (Bailey)
  10 killer bees
  2 crimson imps
  A hound (D:6)
  A jelly (D:8)
  4 orc priests
  An iguana (D:7)
  5 orc wizards
  A worker ant (D:13)
  5 gnolls
  4 adders
  10 river rats
  A shadow imp (D:5)
  A white imp (IceCv)
  An ufetubus (IceCv)
  An adder zombie (D:5)
  2 worms
  A dart slug (D:3)
  A leopard gecko (D:8)
  15 orcs
  A goblin (D:2)
  6 jackals
  3 kobolds
144 creatures vanquished.

Vanquished Creatures (others)
  12 knights
  2 ancestors
  9 fungi
  8 plants
31 creatures vanquished.

Grand Total: 894 creatures vanquished

Notes
Turn   | Place    | Note
-------+----------+-------------------------------------------
     0 | D:1      | Leszczynek the Ogre Necromancer began the quest for the Orb.
     0 | D:1      | Reached XP level 1. HP: 16/16 MP: 3/3
    13 | D:1      | Learned a level 1 spell: Animate Skeleton
   150 | D:1      | Reached skill level 1 in Fighting
   395 | D:1      | Reached skill level 2 in Fighting
   395 | D:1      | Reached XP level 2. HP: 28/28 MP: 3/5
  1126 | D:2      | Found a hazy altar of Hepliaklqana.
  1126 | D:2      | Found a shattered altar of Ashenzari.
  1129 | D:2      | Became a worshipper of Hepliaklqana the Forgotten
  1176 | D:2      | Reached skill level 3 in Fighting
  1692 | D:1      | Reached XP level 3. HP: 30/35 MP: 1/6
  1845 | D:2      | Reached skill level 4 in Fighting
  2224 | D:2      | Reached XP level 4. HP: 42/44 MP: 3/7
  2497 | D:2      | Reached skill level 5 in Fighting
  2643 | D:2      | Found an iron altar of Okawaru.
  3190 | D:3      | Reached skill level 1 in Maces & Flails
  3428 | D:3      | Reached skill level 2 in Maces & Flails
  3649 | D:3      | Reached * piety under Hepliaklqana
  3776 | D:3      | Reached XP level 5. HP: 50/51 MP: 5/8
  3823 | D:3      | Reached skill level 3 in Maces & Flails
  4238 | D:3      | Reached skill level 4 in Maces & Flails
  4540 | D:3      | Reached skill level 5 in Maces & Flails
  4540 | D:3      | Reached XP level 6. HP: 48/59 MP: 0/9
  4918 | D:4      | Noticed Natasha
  5281 | D:4      | Reached skill level 6 in Maces & Flails
  5570 | D:4      | Reached ** piety under Hepliaklqana
  5571 | D:4      | Remembered your ancestor Nakurtum as a knight
  5808 | D:4      | Reached skill level 7 in Maces & Flails
  5866 | D:5      | Entered Level 5 of the Dungeon
  5873 | D:5      | Reached XP level 7. HP: 52/64 MP: 10/10
  5927 | D:5      | Reached skill level 8 in Maces & Flails
  6082 | D:5      | Found a staircase to the Ecumenical Temple.
  6145 | D:5      | Noticed Grinder
  6389 | D:6      | Found Gioshe's Jewellery Boutique.
  6397 | D:6      | Reached skill level 9 in Maces & Flails
  6880 | D:6      | Reached skill level 10 in Maces & Flails
  6880 | D:6      | Reached XP level 8. HP: 51/72 MP: 11/11
  7232 | D:6      | Reached skill level 11 in Maces & Flails
  7414 | D:6      | Noticed Edmund
  7427 | D:6      | Killed Edmund
  7868 | D:7      | Reached skill level 12 in Maces & Flails
  7875 | D:7      | Found a deep blue altar of Sif Muna.
  7931 | D:7      | Reached *** piety under Hepliaklqana
  8287 | D:7      | Reached skill level 6 in Fighting
  8287 | D:7      | Reached XP level 9. HP: 69/80 MP: 12/12
  8804 | D:7      | Reached skill level 13 in Maces & Flails
  8864 | D:8      | runed demon blade
  8864 | D:8      | huh
  8907 | D:8      | HP: 7/82 [iguana (10)]
  9215 | D:8      | Reached skill level 7 in Fighting
  9741 | D:8      | Reached skill level 14 in Maces & Flails
  9930 | D:8      | Noticed a queen bee
  9959 | D:8      | Reached skill level 8 in Fighting
 10020 | D:8      | Reached skill level 2 in Dodging
 10039 | D:8      | Killed a queen bee
 10047 | D:8      | Reached skill level 3 in Dodging
 10098 | D:8      | Reached XP level 10. HP: 59/93 MP: 13/13
 10419 | D:8      | Found a sacrificial altar of Ru.
 10475 | D:8      | Reached skill level 4 in Dodging
 10844 | D:8      | Reached **** piety under Hepliaklqana
 11000 | D:9      | Got a polished whip
 11001 | D:9      | Identified the +6 whip of Gitwialu {drain, rC- rN+ Dex+7} (You found it on level 9 of the Dungeon)
 11024 | D:9      | Noticed Iwannabefree's ghost (journeyman HESk)
 11029 | D:9      | Killed Iwannabefree's ghost
 11029 | D:9      | Reached skill level 15 in Maces & Flails
 11029 | D:9      | Reached skill level 5 in Dodging
 11802 | D:9      | Reached ***** piety under Hepliaklqana
 11893 | D:10     | Entered Level 10 of the Dungeon
 11893 | D:10     | Found Ynteusch's Antique Weapon Emporium.
 11896 | D:10     | Bought a blowgun for 55 gold pieces
 11961 | D:10     | Found a staircase to the Lair.
 12094 | D:10     | Noticed a hill giant
 12110 | D:10     | Killed a hill giant
 12110 | D:10     | Reached skill level 1 in Evocations
 12182 | D:10     | Reached skill level 2 in Evocations
 12734 | D:10     | Reached skill level 3 in Evocations
 12773 | D:10     | Found a staircase to the Orcish Mines.
 13456 | D:10     | Reached skill level 4 in Evocations
 13456 | D:10     | Reached XP level 11. HP: 74/99 MP: 14/14
 13939 | D:10     | Found a roughly hewn altar of Beogh.
 14345 | Lair:1   | Entered Level 1 of the Lair of Beasts
 14386 | Lair:1   | Reached skill level 16 in Maces & Flails
 14386 | Lair:1   | Reached skill level 5 in Evocations
 14922 | Lair:1   | Reached skill level 1 in Throwing
 15099 | Lair:1   | Reached skill level 2 in Throwing
 15158 | Lair:1   | Reached skill level 3 in Throwing
 15307 | Lair:1   | Reached skill level 4 in Throwing
 15411 | Lair:1   | Reached skill level 5 in Throwing
 15805 | Lair:1   | Reached skill level 6 in Throwing
 16303 | Lair:1   | Reached skill level 7 in Throwing
 16869 | Lair:1   | Reached XP level 12. HP: 34/107 MP: 14/16
 17176 | Lair:2   | Reached skill level 8 in Throwing
 17214 | Lair:2   | Learned a level 4 spell: Passage of Golubria
 17218 | Lair:2   | Learned a level 3 spell: Portal Projectile
 17221 | Lair:2   | Learned a level 2 spell: Blink
 17223 | Lair:2   | Learned a level 1 spell: Apportation
 17406 | Lair:2   | Found a staircase to the Swamp.
 17574 | Lair:2   | Noticed Gastronok
 18072 | Lair:2   | Noticed a four-headed hydra
 18114 | Lair:2   | Killed a four-headed hydra
 18114 | Lair:2   | Reached skill level 9 in Fighting
 18114 | Lair:2   | Reached skill level 17 in Maces & Flails
 18857 | Lair:2   | Reached ****** piety under Hepliaklqana
 19375 | Lair:3   | Reached skill level 10 in Fighting
 19622 | Lair:3   | Reached skill level 18 in Maces & Flails
 19776 | Lair:3   | Found a hole to the Spider Nest.
 21055 | Lair:3   | Reached XP level 13. HP: 113/121 MP: 17/17
 21938 | Lair:4   | Reached skill level 11 in Fighting
 22177 | Lair:4   | Reached skill level 19 in Maces & Flails
 22735 | Lair:5   | Noticed Rupert
 22996 | Lair:5   | Found a staircase to the Slime Pits.
 23199 | Lair:5   | Killed Rupert
 23853 | Lair:5   | Reached skill level 12 in Fighting
 24266 | Lair:6   | Entered Level 6 of the Lair of Beasts
 24449 | Lair:6   | Reached skill level 20 in Maces & Flails
 24511 | Lair:6   | Reached skill level 6 in Dodging
 24550 | Lair:6   | Found a dark tunnel.
 24577 | Volcano  | Entered a volcano
 25203 | Lair:6   | Reached skill level 7 in Dodging
 25288 | Lair:6   | Reached XP level 14. HP: 47/135 MP: 18/18
 25726 | Lair:6   | Reached skill level 8 in Dodging
 25734 | Lair:6   | Reached skill level 13 in Fighting
 26581 | D:11     | Learned a level 6 spell: Haste
 26722 | D:11     | Noticed Maurice
 26732 | D:11     | Killed Maurice
 26833 | D:11     | Reached skill level 9 in Dodging
 27330 | Orc:1    | Entered Level 1 of the Orcish Mines
 27407 | Orc:1    | Found a roughly hewn altar of Beogh.
 27627 | Orc:1    | Noticed Snorg
 27636 | Orc:1    | Killed Snorg
 27864 | Orc:2    | Entered Level 2 of the Orcish Mines
 27864 | Orc:2    | Noticed Erolcha
 27882 | Orc:2    | Killed Erolcha
 28118 | Orc:2    | Found a staircase to the Elven Halls.
 28237 | Orc:2    | Noticed Saint Roka
 28805 | D:12     | Reached skill level 14 in Fighting
 30546 | D:13     | Noticed Sonja
 30555 | D:13     | Killed Sonja
 30555 | D:13     | Reached skill level 10 in Dodging
 30588 | D:13     | Reached skill level 9 in Throwing
 30976 | D:14     | Found a flagged portal.
 31366 | Bailey   | Entered a bailey
 31879 | Bailey   | Reached XP level 15. HP: 120/146 MP: 19/19
 32090 | D:14     | Reached skill level 1 in Invocations
 32228 | D:14     | Reached skill level 10 in Throwing
 32235 | D:14     | Reached skill level 2 in Invocations
 32646 | D:14     | Found Kyimyaru's Food Shoppe.
 32665 | D:14     | Reached skill level 3 in Invocations
 32916 | D:14     | Found a shattered altar of Ashenzari.
 33402 | D:14     | Reached skill level 4 in Invocations
 33419 | D:14     | Reached skill level 11 in Throwing
 33880 | D:15     | Entered Level 15 of the Dungeon
 33939 | D:15     | Reached skill level 5 in Invocations
 33958 | D:15     | 3rd bee hive in this game
 34303 | D:15     | Reached skill level 6 in Invocations
 34677 | D:15     | Cast into level 2 of the Abyss (a wizard)
 34771 | D:15     | Escaped the Abyss
 34835 | D:15     | Reached skill level 7 in Invocations
 34875 | D:15     | Found Loustuic's Distillery.
 34881 | D:15     | Bought a potion of mutation for 42 gold pieces
 34881 | D:15     | Bought a potion of heal wounds for 85 gold pieces
 34881 | D:15     | Bought a potion of curing for 51 gold pieces
 34881 | D:15     | Bought a potion of curing for 51 gold pieces
 34881 | D:15     | Bought a potion of curing for 51 gold pieces
 34881 | D:15     | Bought a potion of might for 68 gold pieces
 34956 | D:15     | Noticed Louise
 35188 | Spider:1 | Entered Level 1 of the Spider Nest
 35335 | Spider:1 | Found a frozen archway.
 35448 | IceCv    | Entered an ice cave
 35475 | IceCv    | Upgraded the game from 0.19-a0-1672-g679cadd to 0.19-a0-1815-g4007336
 35917 | IceCv    | why was i doing spider instead of swamp anyway?
 36304 | IceCv    | Reached skill level 21 in Maces & Flails
 36450 | IceCv    | that was extremely retarded of me
 36933 | Spider:1 | really though, why am i doing spider first? is swamp really that bad?
 37029 | Spider:1 | Reached XP level 16. HP: 136/156 MP: 21/21
 37356 | Spider:1 | Reached skill level 12 in Throwing
 37789 | Spider:2 | HP: 6/156 [something (11)]
 37793 | Spider:2 | Slain by a jumping spider

Vault maps used:
D:1:      dpeg_arrival_tiny_a
D:2:      gammafunk_temple_overflow_elements, first_bread,
          kennysheep_okawaru_gauntlet
D:4:      uniq_natasha
D:5:      uniq_grinder
D:6:      serial_shops, nicolae_shop_trees, nrook_uturn, uniq_edmund
D:7:      kennysheep_mini
D:8:      basic_altar, david_nohive_1
D:10:     dpeg_lair_monsters, minmay_orc_entry_temple_small, serial_shops, shop
D:11:     onia_ninara_dug_in_and_dangerous, uniq_maurice
D:13:     uniq_sonja
D:14:     kennysheep_room_grid, hangedman_vaults_entry_quadrant_bands,
          serial_shops, shop_statue, enter_bailey_8, old_standard_altar
D:15:     grunt_enter_depths_snipers, serial_shops, shop, hive_lemuel,
          uniq_louise
Lair:1:   infiniplex_staircase_pool
Lair:2:   swamp_mist_pool, lemuel_fruit_tree, uniq_gastronok
Lair:3:   spider_nest_entry_web_field, special_room, minmay_lair_oklob_bushes
Lair:4:   wad_woods_road_06, serial_bayou_shore_a
Lair:5:   minmay_slime_entry_jelly_boxes, grunt_megastairs_5, uniq_rupert
Lair:6:   hangedman_lair_in_review, enter_volcano_4
Spider:1: portal_ice_cave_entry_ice_statue_two,
          hangedman_spider_tarantella_strand
Spider:2: uniq_kirke, uniq_azrael
Orc:1:    basic_altar, uniq_snorg
Orc:2:    grunt_orc_tribal_feast, uniq_saint_roka, uniq_donald, uniq_erolcha
Bailey:   bailey_polearm_gnolls_kennysheep, bailey
IceCv:    ice_cave_caverns_01
Volcano:  volcano_lake

Skill      XL: |  1  2  3  4  5  6  7  8  9 10 11 12 13 14 15 16 |
---------------+-------------------------------------------------+-----
Fighting       | 2 3 4 5 6 8 10 12 14 | 14.6
Maces & Flails | 2 5 7 10 12 14 15 16 18 20 21 | 21.4
Dodging        | 3 5 7 10 | 10.0
Evocations     | 4 5 |  5.5
Throwing       | 7 8 9 11 12 | 12.1
Invocations    | 7 |  7.1
Stealth        | |  1.4
Spellcasting   | |  2.4
Necromancy     | |  2.9

Action                   |  1- 3 |  4- 6 |  7- 9 | 10-12 | 13-15 | 16-18 || total
-------------------------+-------+-------+-------+-------+-------+-------++-------
Melee: Dagger            |     7 |    36 |       |       |       |       ||    43
       Flail             |       |    70 |    43 |       |       |       ||   113
       Giant club        |       |       |   187 |   624 |    15 |       ||   826
       Giant spiked club |       |       |       |    16 |   949 |    34 ||   999
 Fire: Blowgun           |       |       |       |    14 |       |       ||    14
Throw: Tomahawk          |       |       |     4 |    21 |    10 |     1 ||    36
       Javelin           |       |       |       |     1 |     3 |       ||     4
       Throwing net      |       |       |       |       |     3 |       ||     3
       Large rock        |       |       |       |       |       |     2 ||     2
 Cast: Pain              |    54 |    93 |       |       |       |       ||   147
       Animate Skeleton  |     1 |     3 |       |       |     7 |       ||    11
Invok: Recall Ancestor   |       |     2 |     2 |     4 |     7 |       ||    15
       Ancestor Life: Kn |       |     1 |       |       |       |       ||     1
       Ancestor Identity |       |       |       |     2 |       |       ||     2
Evoke: Wand              |       |       |     7 |     2 |     6 |       ||    15
  Use: Scroll            |     3 |    10 |     4 |    11 |    18 |     1 ||    47
       Potion            |       |       |     5 |     2 |     6 |     1 ||    14
 Stab: Sleeping          |       |     1 |     2 |     2 |     2 |     1 ||     8
       Distracted        |       |     1 |     1 |     2 |    12 |       ||    16
       Paralysed         |       |       |     7 |     3 |     4 |       ||    14
  Eat: Chunk             |     5 |     3 |    10 |    19 |    20 |     1 ||    58
       Beef jerky        |       |     1 |       |     5 |     2 |       ||     8
       Bread ration      |       |     2 |       |       |       |       ||     2
       Fruit             |       |       |     3 |     3 |    10 |       ||    16
       Royal jelly       |       |       |       |     2 |    12 |       ||    14
       Pizza             |       |       |       |     1 |     1 |       ||     2
Armor: Robe              |    13 |    38 |    58 |    26 |       |       ||   135
       Skin              |       |       |    10 |    27 |    15 |       ||    52
       Steam dragon armo |       |       |       |    97 |   183 |       ||   280
       Troll leather arm |       |       |       |       |    77 |    17 ||    94
Dodge: Dodged            |    26 |    68 |   124 |   291 |   615 |    27 ||  1151
